 Dungeon Sprint DCSS version 0.27-a0-1278-g6cbc8dfb29 (webtiles) character file.

Game seed: 5911062695526851072

237 osuadh the Carver (level 5, -6/48 HPs)
             Began as a Minotaur Monk on June 12, 2021.
             Was a Believer of Okawaru.
             Mangled by a merfolk (8 damage)
             ... in the Dungeon (Sprint V: "Ziggurat Sprint").
             The game lasted 00:04:02 (247 turns).

osuadh the Carver (Minotaur Monk)                    Turns: 247, Time: 00:04:03

Health: -6/48      AC: 18    Str: 28    XL:     5   Next: 77%
Magic:  4/4        EV:  5    Int:  8    God:    Okawaru [**....]
Gold:   0          SH:  6    Dex: 12    Spells: 4/4 levels left

rFire    + . .     SeeInvis .   C - +7 Screaming Sword {vorpal, sonic wave}
rCold    + . .     Faith    .   K - +3 buckler
rNeg     . . .     Spirit   .   G - +5 gold dragon scales
rPois    +         Reflect  .   (helmet restricted)
rElec    .         Harm     .   (no cloak)
rCorr    .         Rampage  .   (no gloves)
Will     .....     NoTele   +   (no boots)
Stlth    ..........             l - amulet of magic regeneration
HPRegen  0.16/turn              A - +6 ring of strength
MPRegen  0.34/turn              B - +6 ring of strength

@: no status effects
A: horns 2, retaliatory headbutt
a: Renounce Religion, Heroism


You were in the Dungeon.
You worshipped Okawaru.
Okawaru was pleased with you.
You visited 1 branch

Inventory:

Hand Weapons
 a - a +0 falchion
 C - the +7 Screaming Sword (weapon) {vorpal, sonic wave}
   (You found it in the Dungeon)

   It inflicts extra damage upon your enemies.
 E - the +5 sword of Power {vorpal}
   (You found it in the Dungeon)

   It inflicts extra damage upon your enemies.
 F - the +9 sword of Zonguldrok {reap}
   (You found it in the Dungeon)

   If a monster killed with it leaves a corpse in good enough shape, the corpse
   is reanimated as a zombie friendly to the killer.
 H - a +5 demon blade
 I - a +5 triple sword
Armour
 b - a +0 robe
 D - a +5 crystal plate armour
 G - +5 gold dragon scales (worn)
 K - a +3 buckler (worn)
 L - a +3 kite shield
 M - a +3 tower shield
Jewellery
 l - an amulet of magic regeneration (around neck)
 v - a ring of flight
 w - a +6 ring of dexterity
 x - a +6 ring of dexterity
 y - a +6 ring of intelligence
 z - a +6 ring of intelligence
 A - a +6 ring of strength (left hand)
 B - a +6 ring of strength (right hand)
Wands
 s - a wand of mindburst (7)
 t - a wand of iceblast (7)
 u - a wand of acid (7)
Scrolls
 h - 4 scrolls of blinking
 n - 4 scrolls of amnesia
 o - 7 scrolls of fog
 p - a scroll of holy word
 q - 5 scrolls of identify
 r - 2 scrolls of fear
Potions
 c - 10 potions of curing
 d - 10 potions of heal wounds
 e - 6 potions of haste
 f - 7 potions of magic
 g - 3 potions of berserk rage
 i - 2 potions of brilliance
 j - 2 potions of invisibility
 k - 4 potions of resistance
 m - 5 potions of might
Miscellaneous
 J - a lightning rod (4/4)


   Skills:
 + Level 5.0 Fighting
 + Level 14.1 Long Blades
 + Level 3.1 Armour
 - Level 3.2 Dodging
 - Level 1.5 Stealth


You had 4 spell levels left.
You didn't know any spells.
Your spell library was empty.

Dungeon Overview and Level Annotations

Branches:
Dungeon (1/1)

Altars:
Ashenzari
Cheibriados
Dithmenos
Elyvilon
Fedhas
Gozag
Hepliaklqana
Kikubaaqudgha
Makhleb
Nemelex Xobeh
Okawaru
Qazlal
Ru
Sif Muna
Trog
Uskayaw
Vehumet
Wu Jian
Xom
Yredelemnul
Zin
The Shining One
Beogh
Jiyva
Lugonu

Annotations:
D 1 transporter


Innate Abilities, Weirdness & Mutations

You have a pair of horns on your head.
You reflexively headbutt those who attack you in melee.


Message History

Okawaru accepts your kill.
You kill the crimson imp!
Okawaru accepts your kill.
You kill the crimson imp!
Okawaru accepts your kill.
Your Fighting skill gained 2 levels and is now at level 5!
Your Long Blades skill increases to level 14!
Your Armour skill gained 3 levels and is now at level 3!
No target in view!
No target in view!
No target in view!
No target in view!
You see here a +2 hunting sling of freezing.
You see here a +1 robe of fire resistance.
There is a transporter here.
Welcome to arena 3.
You enter the transporter and appear at another place. 4 merfolk come into view.
The merfolk shouts! x3
The merfolk picks up a +1 shortbow of flaming.
The merfolk wields a +1 shortbow of flaming.
It bursts into flame!
The merfolk picks up a +2 longbow of flaming.
The merfolk wields a +2 longbow of flaming.
It bursts into flame!
The merfolk unwields a +0 trident.
The merfolk drops a +0 trident.
The merfolk picks up the +5 scythe "Setaelew" {protect, Will+ Dex+4}.
The merfolk wields the +5 scythe "Setaelew" {protect, Will+ Dex+4}.
Found the +3 leather armour "Inoowaoff" {*Corrode +Inv Dex+6} and a +0 trident.
Found a transporter.
You block the merfolk's attack.
The merfolk throws a boomerang.
The boomerang hits you! The merfolk hits you with a +0 trident!
The merfolk barely misses you.
The merfolk hits you from afar with the +5 scythe "Setaelew" {protect, Will+ Dex+4}!!
* * * LOW HITPOINT WARNING * * *
You are too injured to fight recklessly!
You are too injured to fight recklessly!
Unknown command.
The merfolk hits you from afar with a +0 trident!
You die...

▓▓▓▓▓▓▓▓▓▓▓▓▓▓▓▓▓▓▓
▓.8©8.▓.8©8.▓.8©8.▓
▓..m..▓.).[.▓.....▓
▓.mm..▓.....▓...).▓
▓..m..▓.....▓.....▓
▓.....▓.....▓.....▓
▓..@..▓.....▓..©..▓
▓..©..▓.)©..▓▓▓▓▓▓▓
▓▓▓▓▓▓▓▓▓▓▓▓▓


You could see 4 merfolk.

Vanquished Creatures
  A necrophage (D)
  A phantom (D)
  2 crimson imps (D)
  A ball python skeleton (D)
5 creatures vanquished.

Notes
Turn   | Place    | Note
-------+----------+-------------------------------------------
     0 | D        | osuadh the Minotaur Monk began the quest for the Orb.
     0 | D        | Reached XP level 1. HP: 19/19 MP: 0/0
     0 | D        | Found a shimmering blue altar of Sif Muna.
     0 | D        | Found a sacrificial altar of Ru.
     0 | D        | Found a bloodstained altar of Trog.
     0 | D        | Found a stormy altar of Qazlal.
     0 | D        | Found an iron altar of Okawaru.
     0 | D        | Found a sparkling altar of Nemelex Xobeh.
     0 | D        | Found a blossoming altar of Fedhas.
     1 | D        | Found the +6 Majin-Bo {vamp, MP+6 Int+6}
     1 | D        | Found the +9 heavy crossbow "Sniper" {vorpal, Acc+∞ SInv}
     1 | D        | Found the +10 dark maul {vorpal}
     1 | D        | Found the +15 Maxwell's patent armour {-Cast -Tele rElec
                  | Will+ rCorr}
     1 | D        | Found the +18 shield of the Gong {rElec rN+ Will+ EV-5}
     1 | D        | Found the +14 obsidian axe {vorpal, Drain Fly SInv}
     1 | D        | Found the +7 great mace "Firestarter" {inner flame, rF++}
     1 | D        | Found the +6 shillelagh "Devastator" {shatter}
     1 | D        | Found the +11 plutonium sword {Contam Stlth-}
     1 | D        | Found the +8 lance "Wyrmbane" {slay drac, rPois rF+ rC+
                  | AC+3}
     1 | D        | Found the +9 sword of Zonguldrok {reap}
     1 | D        | Found the +13 scythe of Curses {drain, Drain}
     1 | D        | Found the +5 sword of Power {vorpal}
     1 | D        | Found the +7 mace of Variability {chain chaos}
     1 | D        | Found the +7 Singing Sword {vorpal, sonic wave}
     1 | D        | Found the +8 storm bow {elec, penet}
     2 | D        | Found a transporter.
     2 | D        | Found an ancient bone altar of Kikubaaqudgha.
     2 | D        | Found a viscous altar of Jiyva.
     2 | D        | Found a corrupted altar of Lugonu.
     2 | D        | Found a hazy altar of Hepliaklqana.
     2 | D        | Found a burning altar of Makhleb.
     2 | D        | Found an opulent altar of Gozag.
    91 | D        | Reached skill level 9 in Long Blades
    91 | D        | Reached XP level 2. HP: 26/26 MP: 1/1
   139 | D        | Became a worshipper of Warmaster Okawaru
   139 | D        | Reached * piety under Okawaru
   139 | D        | Reached ** piety under Okawaru
   148 | D        | Entered arena 2.
   148 | D        | Noticed a phantom
   148 | D        | Noticed a necrophage
   148 | D        | Found a transporter.
   152 | D        | Killed a phantom
   153 | D        | Reached skill level 11 in Long Blades
   153 | D        | Reached XP level 3. HP: 28/31 MP: 2/2
   153 | D        | Reached XP level 4. HP: 35/39 MP: 3/3
   159 | D        | Killed a necrophage
   160 | D        | Reached skill level 13 in Long Blades
   160 | D        | Reached XP level 5. HP: 34/45 MP: 4/4
   230 | D        | Entered arena 3.
   230 | D        | Found a transporter.
   234 | D        | Reached skill level 5 in Fighting
   234 | D        | Reached skill level 14 in Long Blades
   244 | D        | Entered arena 4.
   244 | D        | Noticed a merfolk
   244 | D        | Noticed a merfolk
   244 | D        | Noticed a merfolk
   244 | D        | Noticed a merfolk
   244 | D        | Found a transporter.
   245 | D        | Identified the +5 scythe "Setaelew" {protect, Will+ Dex+4}
   246 | D        | HP: 1/48 [merfolk (22)]
   247 | D        | Mangled by a merfolk

Illustrated notes

Levels and vault maps discovered:
D:        sprint_v [room_start, room_1, room_2, room_3, room_4, room_5, room_6,
          room_7, room_8, room_9, room_10, room_11, room_12, room_13, room_14,
          room_15, room_16, room_17, room_18, room_19, room_20, room_21,
          room_22, room_23, room_24, room_25, room_26, room_27]

Skill      XL: |  1  2  3  4  5 |
---------------+----------------+-----
Long Blades    | 9 11 13 14 | 14.1
Fighting       | 5 |  5.0
Armour         | 3 |  3.1
Dodging        | |  3.2
Stealth        | |  1.5

Action                   |  1- 3 |  4- 6 || total
-------------------------+-------+-------++-------
Melee: Double sword      |     3 |     8 ||    11
Evoke: Lightning rod     |     1 |       ||     1
  Use: Potion            |     1 |       ||     1
Armor: Gold dragon scale |     2 |     6 ||     8
Dodge: Dodged            |       |     2 ||     2
Block: Buckler           |     1 |     2 ||     3

Table legend: (Time is in decaauts)
 A = Elapsed time spent in this place.
 B = Non-inter-level travel time spent in this place.
 C = Inter-level travel time spent in this place.
 D = Time resting spent in this place.
 E = Time spent auto-exploring this place.
 F = Levels seen in this place.
 G = Mean time per level.
                   A        B        C        D        E       F      G
               +--------+--------+--------+--------+--------+-----+--------+
         Total |    245 |    245 |      0 |     53 |      0 |   1 |  245.0 |
       Dungeon |    245 |    245 |      0 |     53 |      0 |   1 |  245.0 |
               +--------+--------+--------+--------+--------+-----+--------+

Top non-repeatable levels by time:
       D: 245 daAuts
